 Dungeon Sprint DCSS version 0.30-a0-222-ge547ba4400 (webtiles) character file.

Game seed: 3790254554135033347

40 rocky1 the Shield-Bearer (level 3, 0/29 HPs)
             Began as a Formicid Fighter on Oct 9, 2022.
             Was an Initiate of Okawaru.
             Slain by Blork the orc
             ... wielding a +0 trident
              (9 damage)
             ... in the Dungeon (Sprint VII: "The Pits").
             The game lasted 00:00:50 (224 turns).

rocky1 the Shield-Bearer (Formicid Fighter)          Turns: 224, Time: 00:00:51

Health: 0/29       AC:  6    Str: 22    XL:     3   Next: 72%
Magic:  3/3        EV:  9    Int:  7    God:    Okawaru [......]
Gold:   0          SH:  5    Dex: 13    Spells: 2/2 levels left

rFire   . . .      SeeInvis +    k - +2 trident
rCold   . . .      Faith    .    c - +0 buckler
rNeg    . . .      Spirit   .    b - +0 scale mail
rPois   .          Reflect  .    (helmet unavailable)
rElec   .          Harm     .    (no cloak)
rCorr   .          Rampage  .    (no gloves)
Will    .....                    (no boots)
Stlth   ..........               (no amulet)
HPRegen 0.24/turn                (no ring)
MPRegen 0.08/turn                (no ring)

@: no status effects
A: permanent stasis, dig shafts and tunnels, antennae 3, four strong arms
a: Dig, Renounce Religion


You were in the Dungeon.
You worshipped Okawaru.
Okawaru was noncommittal.
You visited 1 branch

Inventory:

Hand Weapons
 a - a +0 trident
 k - a +2 trident (weapon)
Armour
 b - a +0 scale mail (worn)
 c - a +0 buckler (worn)
Scrolls
 i - 5 scrolls of amnesia
 j - a scroll of summoning
Potions
 d - a potion of might
 e - a potion of curing
 f - a potion of heal wounds
 g - 4 potions of magic
 h - 2 potions of invisibility


   Skills:
 - Level 3.2 Fighting
 * Level 5.7 Polearms
 - Level 3.2 Armour
 + Level 6.3 Shields


You had 2 spell levels left.
You didn't know any spells.
Your spell library was empty.

Dungeon Overview and Level Annotations

Branches:
Dungeon (1/1)

Altars:
Ashenzari
Cheibriados
Dithmenos
Elyvilon
Fedhas
Gozag
Hepliaklqana
Kikubaaqudgha
Makhleb
Nemelex Xobeh
Okawaru
Qazlal
Ru
Sif Muna
Trog
Uskayaw
Vehumet
Wu Jian
Xom
Yredelemnul
Zin
The Shining One
Jiyva
Lugonu

Annotations:
D Blork the orc


Innate Abilities, Weirdness & Mutations

You cannot be hasted, slowed, berserked, paralysed or teleported.
You can dig through walls and to a lower floor.
You have a pair of large antennae on your head. (SInv)
Your four strong arms can wield two-handed weapons with a shield.


Message History

Blork the orc casts a spell.
Blork the orc seems to speed up.
The adder bites you but does no damage.
Blork the orc looks angry.
You have reached level 3!
Your experience leads to an increase in your attributes!
Increase (S)trength, (I)ntelligence, or (D)exterity?
You feel stronger. x2
Unknown command.
You puncture the adder!
The adder is severely wounded.
The adder bites you. Blork the orc closely misses you.
You hit the adder.
You kill the adder!
Okawaru accepts your kill. Blork the orc barely misses you.
The adder closely misses you. You block Blork the orc's attack.
Your Polearms skill increases to level 5!
Your Shields skill increases to level 6!
You closely miss the adder. You block Blork the orc's attack.
The adder closely misses you.
Blork the orc hits you but does no damage.
You hit the adder.
The adder is heavily wounded.
You block the adder's attack. Blork the orc completely misses you.
You block the adder's attack.
You hit the adder.
The adder is severely wounded.
Blork the orc hits you from afar with a +0 trident.
The adder completely misses you. Blork the orc closely misses you.
You hit the adder.
You kill the adder!
Okawaru accepts your kill.
Blork the orc hits you from afar with a +0 trident.
You reach to attack!
You puncture Blork the orc!
Blork the orc is moderately wounded.
Blork the orc screams, "I don't like you!"
Blork the orc casts a spell at you. The puff of frost hits you!
Blork the orc hits you from afar with a +0 trident!
You die...

#.?(!')))'.##......#.
##########.##†.......
#...........†........
#+#####†#####......#.
#..#..# #........
#..'..# ####'####
#..#### #.......#
#..#o.# #.......#
#.@#..# #.......#
##†#.S#+###...<...#
#..o.....##.......#
#........##.......#
###########.......# {
{{ ######### { { { {{


You could see Blork the orc (fast, empowered).

Vanquished Creatures
  2 adders (D)
  A river rat (D)
  An adder zombie (D)
  A giant cockroach (D)
  3 jackals (D)
  A quokka (D)
  A ball python (D)
  A ball python zombie (D)
11 creatures vanquished.

Notes
Turn   | Place    | Note
-------+----------+-------------------------------------------
     0 | D        | rocky1 the Formicid Fighter began the quest for the Orb.
     0 | D        | Reached XP level 1. HP: 18/18 MP: 1/1
    22 | D        | Found a bloodstained altar of Trog.
    22 | D        | Found a shimmering blue altar of Sif Muna.
    22 | D        | Found a viscous altar of Jiyva.
    22 | D        | Found a hazy altar of Hepliaklqana.
    22 | D        | Found an opulent altar of Gozag.
    45 | D        | Found a glowing golden altar of the Shining One.
    45 | D        | Found a glowing silver altar of Zin.
    45 | D        | Found a basalt altar of Yredelemnul.
    45 | D        | Found a shimmering altar of Xom.
    45 | D        | Found an ornate altar of the Wu Jian Council.
    45 | D        | Found a sacrificial altar of Ru.
    45 | D        | Found a stormy altar of Qazlal.
    45 | D        | Found an iron altar of Okawaru.
    45 | D        | Found a sparkling altar of Nemelex Xobeh.
    45 | D        | Found a burning altar of Makhleb.
    45 | D        | Found a blossoming altar of Fedhas.
    45 | D        | Found a white marble altar of Elyvilon.
    45 | D        | Found a shadowy altar of Dithmenos.
    45 | D        | Found a snail-covered altar of Cheibriados.
    48 | D        | Found a corrupted altar of Lugonu.
    48 | D        | Found a radiant altar of Vehumet.
    49 | D        | Found an ancient bone altar of Kikubaaqudgha.
    49 | D        | Found a hide-covered altar of Uskayaw.
    49 | D        | Found a broken altar of Ashenzari.
    53 | D        | Became a worshipper of Warmaster Okawaru
    83 | D        | Reached XP level 2. HP: 24/24 MP: 2/2
   195 | D        | Reached skill level 5 in Shields
   212 | D        | Noticed Blork the orc
   218 | D        | Reached XP level 3. HP: 26/29 MP: 3/3
   220 | D        | Reached skill level 5 in Polearms
   220 | D        | Reached skill level 6 in Shields
   224 | D        | Slain by Blork the orc

Illustrated notes

Levels and vault maps discovered:
D:        pitsprint [storerooms_1, entrance_room_1, metal_vault_6, armoury_1,
          mini_pit_1, grid_room_1, main_hall_1, silver_pit, the_coven_1,
          the_vestibule_1, steel_vault_4, golden_pit, hallway_of_sentries,
          crystal_vault_4, iron_vault_2, final_vault]

Skill      XL: |  1  2  3 |
---------------+----------+-----
Polearms       | 3 4 5 |  5.7
Shields        | 5 6 |  6.3
Fighting       | |  3.2
Armour         | |  3.2

Action                   || total
-------------------------++-------
Melee: Trident           ||    33
Armor: Scale mail        ||     9
Dodge: Dodged            ||    19
Block: Buckler           ||     7

Table legend: (Time is in decaauts)
 A = Elapsed time spent in this place.
 B = Non-inter-level travel time spent in this place.
 C = Inter-level travel time spent in this place.
 D = Time resting spent in this place.
 E = Time spent auto-exploring this place.
 F = Levels seen in this place.
 G = Mean time per level.
                   A        B        C        D        E       F      G
               +--------+--------+--------+--------+--------+-----+--------+
         Total |    228 |    228 |      0 |    106 |      0 |   1 |  228.0 |
       Dungeon |    228 |    228 |      0 |    106 |      0 |   1 |  228.0 |
               +--------+--------+--------+--------+--------+-----+--------+

Top non-repeatable levels by time:
       D: 228 daAuts
